 Dungeon Crawl Stone Soup version 0.24-a0-7-g1bb0902 (webtiles) character file.

Game seed: 2638314990169990952

32 ohad the Skirmisher (level 3, -1/58 HPs)
             Began as an Ogre Berserker on Jan 30, 2019.
             Was a Follower of Trog.
             Slain by a howler monkey (3 damage)
             ... on level 1 of the Dungeon.
             The game lasted 00:03:33 (1043 turns).

ohad the Skirmisher (Ogre Berserker)                Turns: 1043, Time: 00:03:34

Health: -1/58      AC:  3    Str: 26    XL:     3   Next: 27%
Magic:  3/3        EV: 10    Int:  8    God:    Trog [*.....]
Gold:   54         SH:  0    Dex:  9    Spells: 2/2 levels left

rFire    . . .     SeeInvis .   a - +0 mace
rCold    . . .     Gourm    .   (no shield)
rNeg     . . .     Faith    .   b - +0 animal skin
rPois    .         Spirit   .   (helmet restricted)
rElec    .         Reflect  .   (no cloak)
rCorr    .         Harm     .   (gloves unavailable)
MR       .....                  (boots unavailable)
Stlth    ..........             (no amulet)
HPRegen  0.19/turn              (no ring)
MPRegen  0.08/turn              (no ring)

@: berserking, very quick
A: large, unfitting armour, tough skin 1
a: Berserk, Renounce Religion


You were on level 1 of the Dungeon.
You worshipped Trog.
Trog was aware of your devotion.
You were very hungry.

You visited 1 branch of the dungeon, and saw 2 of its levels.

You collected 54 gold pieces.

Inventory:

Hand Weapons
 a - a +0 mace (weapon)
 g - a cursed -1 short sword
Armour
 b - a +0 animal skin (worn)
Scrolls
 f - a scroll of identify {unknown}
 i - 2 scrolls of teleportation {unknown}
 j - a scroll of fog {unknown}
 k - a scroll of enchant armour {unknown}
 l - a scroll of magic mapping {unknown}
Potions
 d - a potion of ambrosia {unknown}
 e - 2 potions of agility {unknown}
Comestibles
 c - 2 rations
 h - 3 chunks of flesh


   Skills:
 - Level 4.0 Fighting
 + Level 3.9 Maces & Flails
 - Level 2.6 Dodging


You had 2 spell levels left.
You didn't know any spells.
Your spell library was empty.

Dungeon Overview and Level Annotations

Branches:
Dungeon (2/15)

Altars:


Innate Abilities, Weirdness & Mutations

You are too large for most types of armour.
You have tough skin. (AC +1)


Message History

The howler monkey is almost dead.
The howler monkey hits you. The howler monkey hits you!
You barely miss the howler monkey.
The howler monkey is almost dead.
The howler monkey hits you.
* * * LOW HITPOINT WARNING * * *
You closely miss the howler monkey.
The howler monkey is almost dead.
The howler monkey closely misses you. The howler monkey hits you.
* * * LOW HITPOINT WARNING * * *
Unknown command.
A red film seems to cover your vision as you go berserk!
You feel yourself moving faster!
You feel mighty!
You are feeling very hungry.
The howler monkey hits you!
* * * LOW HITPOINT WARNING * * *
You closely miss the howler monkey.
The howler monkey is almost dead.
The howler monkey hits you.
You die...

....#
##########.(########.
##### #.## #. #.#
####### ##.####....##
#####..##........
##.....##.........
#..###.#..........
########.##
#.#..........
####.....wh@#
#......####..
#........####
#....### ###
#..>)....# ###### #
#........# #<.### ###
#........#
#....####..
#........#
#..........
#........#
#..........
#........#
##..)......
#........# ##........


You could see a worm and a howler monkey.

Vanquished Creatures
  A dart slug (D:1)
  A leopard gecko (D:1)
  A giant cockroach (D:1)
  2 goblins (D:1)
  7 hobgoblins (D:1)
  4 jackals (D:1)
  3 kobolds (D:1)
  2 bats (D:1)
  A frilled lizard (D:1)
  3 rats (D:1)
25 creatures vanquished.

Notes
Turn   | Place    | Note
-------+----------+-------------------------------------------
     0 | D:1      | ohad the Ogre Berserker began the quest for the Orb.
     0 | D:1      | Reached XP level 1. HP: 24/24 MP: 1/1
    81 | D:1      | Reached XP level 2. HP: 23/32 MP: 2/2
   421 | D:1      | Reached XP level 3. HP: 17/39 MP: 3/3
  1042 | D:1      | HP: 2/58 [howler monkey (7)]
  1043 | D:1      | Slain by a howler monkey

Vault maps used:
D:1:      minmay_arrival_loop
D:2:      lightli_temple_of_fire, lemuel_round_altar

Skill      XL: |  1 |
---------------+----+-----
Maces & Flails | 3 |  3.9
Fighting       | |  4.0
Dodging        | |  2.6

Action                   || total
-------------------------++-------
Melee: Mace              ||    96
Invok: Berserk           ||     1
Armor: Animal skin       ||    33
Dodge: Dodged            ||    57

Table legend:
 A = Non-vault XP
 B = Vault XP
 C = Vault XP percentage of total XP
 D = Non-vault monster count
 E = Vault monster count
 F = Vault count percentage of total count
                 A         B        C        D         E       F
            +---------+---------+-------+---------+---------+-------
      Total |      47 |       0 |   0.0 |      25 |       0 |   0.0
            +---------+---------+-------+---------+---------+-------
        D:1 |      47 |       0 |   0.0 |      25 |       0 |   0.0
            +---------+---------+-------+---------+---------+-------
